 Dungeon Crawl Stone Soup version 0.22-a0-537-ge9e9f76342 (webtiles) character file.

138 Faustar the Chopper (level 5, 0/47 HPs)
             Began as a Hill Orc Monk on June 22, 2018.
             Slain by Terence
             ... wielding a +5 flail of crushing
              (5 damage)
             ... on level 3 of the Dungeon on June 23, 2018.
             The game lasted 00:05:53 (3387 turns).

Faustar the Chopper (Hill Orc Monk)                 Turns: 3387, Time: 00:05:54

Health: 0/47       AC:  6    Str: 15    XL:     5   Next: 21%
Magic:  5/5        EV: 11    Int: 10    God:
Gold:   70         SH:  0    Dex: 13    Spells: 4/4 levels left

rFire    . . .     SeeInvis .   a - +0 hand axe
rCold    . . .     Gourm    .   (no shield)
rNeg     . . .     Faith    .   j - +0 ring mail
rPois    .         Spirit   .   (no helmet)
rElec    .         Reflect  .   k - +0 cloak
rCorr    .         Harm     .   (no gloves)
MR       .....                  (no boots)
Stlth    +.........             (no amulet)
HPRegen  0.15/turn              (no ring)
MPRegen  0.09/turn              (no ring)

@: drained, invisible
A: no striking features
a: no special abilities


You were on level 3 of the Dungeon.
You were not hungry.

You visited 1 branch of the dungeon, and saw 3 of its levels.

You collected 70 gold pieces.

Inventory:

Hand Weapons
 a - a +0 hand axe (weapon)
Missiles
 d - a tomahawk (quivered)
Armour
 j - a +0 ring mail (worn)
 k - a +0 cloak (worn)
Jewellery
 f - an uncursed amulet of harm
Scrolls
 e - a scroll of identify
 i - a scroll of random uselessness {unknown}
 l - a scroll of magic mapping {unknown}
 n - 3 scrolls of teleportation {unknown}
Potions
 g - a potion of flight
 m - a potion of might {unknown}
Comestibles
 b - 5 chunks of flesh
 c - 3 rations


   Skills:
 + Level 4.6(3.7) Fighting
 + Level 5.1(4.2) Axes
 * Level 3.5(2.7) Armour
 - Level 2.4(1.5) Dodging
 - Level 1.5(0.7) Stealth


You had 4 spell levels left.
You didn't know any spells.
Your spell library was empty.

Dungeon Overview and Level Annotations

Branches:
Dungeon (3/15)

Altars:
Ashenzari
Kikubaaqudgha

Annotations:
D:3 Robin, Terence


Message History

The goblin closely misses you.
The frilled lizard bites you but does no damage.
Robin throws the goblin at you!
* * * LOW HITPOINT WARNING * * *
The goblin closely misses you. The goblin hits you with a club.
* * * LOW HITPOINT WARNING * * *
You hit the goblin.
The goblin is severely wounded.
You hit the goblin.
You kill the goblin!
You closely miss the goblin. You hit the goblin.
You kill the goblin!
You hit the frilled lizard.
You kill the frilled lizard!
Terence says, "You're history."
The goblin hits you but does no damage.
It was a potion of invisibility.
You fade into invisibility!
Terence hits you with a flail of crushing.
You die...

#... ...(.. ####
...... ...(#####......
.##..#..(.....
##########.###.#.(....
#.........g.......#.#
#.......g@g# #.##†..#
.......g@.# #..#...#
###....g.# #......#
#.g)..## #<.#)..#
#[.....###...>#.#
#.....##....(..#....(.
##'##.
#...(...........# ..
.g #...............#
.. ...
####.............


You could see Terence, Robin, a hobgoblin and 4 goblins.

Vanquished Creatures
  4 adders
  2 oozes
  3 worms
  2 dart slugs
  8 leopard geckos
  2 orcs
  5 giant cockroaches
  10 goblins
  10 hobgoblins
  2 jackals (D:1)
  8 bats
  4 frilled lizards
  7 kobolds
  A rat (D:2)
68 creatures vanquished.

Notes
Turn   | Place    | Note
-------+----------+-------------------------------------------
     0 | D:1      | Faustar the Hill Orc Monk began the quest for the Orb.
     0 | D:1      | Reached XP level 1. HP: 19/19 MP: 1/1
    91 | D:1      | Reached skill level 1 in Armour
    91 | D:1      | Reached XP level 2. HP: 18/27 MP: 2/2
   580 | D:1      | Reached XP level 3. HP: 33/33 MP: 3/3
  1783 | D:2      | Reached XP level 4. HP: 29/40 MP: 4/4
  2124 | D:2      | Found a faded altar of an unknown god.
  2174 | D:2      | Found an ancient bone altar of Kikubaaqudgha.
  2695 | D:3      | Noticed Terence
  3075 | D:3      | Reached skill level 5 in Axes
  3091 | D:3      | Reached XP level 5. HP: 35/47 MP: 5/5
  3337 | D:3      | Upgraded the game from 0.22-a0-533-g4d20840e7c to 0.22-a0-537-ge9e9f76342
  3371 | D:3      | Found a shattered altar of Ashenzari.
  3371 | D:3      | Noticed Robin
  3387 | D:3      | Slain by Terence

Vault maps used:
D:1:      minmay_arrival_five_plusses, minmay_misc_feat_iff,
          minmay_misc_feat_secret_circle, corexii_leaking_fountain
D:2:      kiku_gazebo_pond_becter, chequers_ecumenical_altar_grove
D:3:      corexii_corridor_pit, evilmike_ruin_ashenzari, uniq_robin,
          uniq_terence

Skill      XL: |  1  2  3  4 |
---------------+-------------+-----
Armour         | 1 2 3 |  3.5
Fighting       | 4 |  4.6
Axes           | 5 |  5.1
Dodging        | |  2.4
Stealth        | |  1.5

Action                   |  1- 3 |  4- 6 || total
-------------------------+-------+-------++-------
Melee: Hand axe          |   126 |   153 ||   279
Throw: Stone             |    11 |       ||    11
       Tomahawk          |       |     4 ||     4
  Use: Scroll            |       |     2 ||     2
       Potion            |       |     1 ||     1
 Stab: Sleeping          |     4 |       ||     4
  Eat: Chunk             |     2 |     6 ||     8
Armor: Robe              |    13 |       ||    13
       Ring mail         |    10 |    67 ||    77
Dodge: Dodged            |    80 |   106 ||   186

Table legend:
 A = Spawn XP
 B = Non-spawn XP
 C = Spawn XP percentage of total XP
 D = Spawn monster count
 E = Non-spawn monster count
 F = Spawn count percentage of total count
 G = Total turns spent on level
                    A         B        C        D         E        F      G
               +---------+---------+-------+---------+---------+-------+---------
         Total |       0 |     198 |   0.0 |       0 |      68 |   0.0 |  3387
               +---------+---------+-------+---------+---------+-------+---------
           D:1 |       0 |      40 |   0.0 |       0 |      21 |   0.0 |  1331
           D:2 |       0 |      76 |   0.0 |       0 |      22 |   0.0 |  1595
           D:3 |       0 |      82 |   0.0 |       0 |      25 |   0.0 |   461
               +---------+---------+-------+---------+---------+-------+---------
